 Dungeon Crawl Stone Soup version 0.29.1-2-gbd0b4ee654 (webtiles) character file.

Game seed: 1367598568030595212

536 qeuew the Chopper (level 7, -4/54 HPs)
             Began as a Formicid Fighter on Nov 3, 2022.
             Slain by a black bear (5 damage)
             ... on level 5 of the Dungeon.
             The game lasted 00:04:24 (3894 turns).

qeuew the Chopper (Formicid Fighter)                Turns: 3894, Time: 00:04:25

Health: -4/54      AC:  9    Str: 22    XL:     7   Next: 50%
Magic:  7/7        EV: 14    Int:  8    God:
Gold:   196        SH:  5    Dex: 13    Spells: 6/6 levels left

rFire   + . .      SeeInvis +   a - +0 war axe
rCold   . . .      Faith    .   c - +0 buckler
rNeg    . . .      Spirit   .   b - +0 scale mail
rPois   .          Reflect  .   (helmet unavailable)
rElec   .          Harm     .   (no cloak)
rCorr   .          Rampage  .   e - +1 pair of gloves
Will    .....                   (no boots)
Stlth   ..........              (no amulet)
HPRegen 0.18/turn               f - +4 ring of evasion
MPRegen 0.10/turn               (no ring)

@: mighty, lethally poisoned (-4 -> -10)
A: permanent stasis, dig shafts and tunnels, antennae 3, four strong arms, fire
resistance 1, MP-powered wands
a: Dig, Shaft Self


You were on level 5 of the Dungeon.
You visited 1 branch of the dungeon, and saw 5 of its levels.

You collected 196 gold pieces.

Inventory:

Hand Weapons
 a - a +0 war axe (weapon)
Armour
 b - a +0 scale mail (worn)
 c - a +0 buckler (worn)
 e - a +1 pair of gloves (worn)
Jewellery
 f - a +4 ring of evasion (left hand)
Wands
 g - a wand of iceblast (8)
Potions
 d - a potion of might
 i - a potion of resistance
 l - 3 potions of brilliance
 n - a potion of flight
 p - a potion of mutation


   Skills:
 + Level 4.1 Fighting
 * Level 6.0 Axes
 + Level 4.5 Armour
 + Level 1.4 Dodging
 + Level 0.2 Stealth
 + Level 4.9 Shields


You had 6 spell levels left.
You didn't know any spells.
Your spell library contained the following spells:

 Spells                   Type           Power      Damage    Failure   Level
 Ensorcelled Hibernation  Hex/Ice        0%         N/A       90%         2
 Passwall                 Tmut/Erth      0%         N/A       90%         2
 Static Discharge         Conj/Air       0%         3-3/arc   90%         2
 Dazzling Flash           Conj/Hex       0%         N/A       99%         3
 Gell's Gravitas          Tloc           0%         N/A       99%         3
 Teleport Other           Tloc           0%         N/A       99%         3
 Dispel Undead            Necr           0%         3d6       100%        4
 Sticky Flame             Conj/Fire      0%         2d3       100%        4
 Agony                    Necr           0%         N/A       100%        5
 Silence                  Hex/Air        0%         N/A       100%        5
 Dispersal                Tloc           0%         N/A       100%        6
 Swiftness                Air            Unusable   N/A       N/A         3

Dungeon Overview and Level Annotations

Branches:
Dungeon (5/15)
 Temple: D:4-7

Altars:
Uskayaw

Annotations:
D:5 3 runed translucent doors


Innate Abilities, Weirdness & Mutations

You cannot be hasted, slowed, berserked, paralysed or teleported.
You can dig through walls and to a lower floor.
You have a pair of large antennae on your head. (SInv)
Your four strong arms can wield two-handed weapons with a shield.
Your flesh is heat resistant. (rF+)
You expend magic power (3 MP) to strengthen your wands.


Message History

The black bear claws you but does no damage. x2
The scorpion stings you.
You are more poisoned.
The scorpion poisons you!
Okay, then.
Really quaff the potion of mutation? [Y]es or [N]o only, please.
Really quaff the potion of mutation?
Okay, then.
Unknown command.
You feel very mighty all of a sudden.
You feel very sick. You block the scorpion's attack. The black bear misses you.
The black bear barely misses you. x2
You hit the black bear.
The black bear is severely wounded.
You slash the scorpion!
You kill the scorpion!
You feel very sick. The black bear bites you.
* * * LOW HITPOINT WARNING * * *
The black bear barely misses you. The black bear closely misses you.
Your Axes skill increases to level 6!
You barely miss the black bear.
The black bear is severely wounded.
* * * LOW HITPOINT WARNING * * *
You feel very sick.
The black bear goes berserk!
Unknown command.
Okay, then.
You completely miss the black bear.
The black bear is severely wounded.
* * * LOW HITPOINT WARNING * * *
You feel sick. The black bear bites you.
* * * LOW HITPOINT WARNING * * *
The black bear claws you but does no damage.
The black bear closely misses you. x2
The black bear claws you but does no damage.
The black bear claws you.
You die...

##...# ##..#..........#
.....###... ..........#
.###..##..###........##
##{##.##..##..........#
Y.. #..#..##..........#
..Y.##....##..........#
##...#..#.##..........##
...#..#.#............#
{..##..........@h......
{..#...................
{ ..#...................
{ #.##..................
#. #..................
#..................
#..................
#..................


You could see a black bear (berserk).

Vanquished Creatures
  Grinder (D:3)
  2 scorpions
  An iguana (D:5)
  Ijyb (D:3)
  5 adders
  4 gnolls (D:4)
  A dart slug (D:1)
  4 orcs (D:4)
  6 ball pythons
  14 endoplasms
  5 giant cockroaches
  5 hobgoblins
  5 kobolds
  3 quokkas
  4 bats
  3 frilled lizards
  6 goblins
  7 rats
77 creatures vanquished.

Notes
Turn   | Place    | Note
-------+----------+-------------------------------------------
     0 | D:1      | qeuew the Formicid Fighter began the quest for the Orb.
     0 | D:1      | Reached XP level 1. HP: 18/18 MP: 1/1
   180 | D:1      | Reached XP level 2. HP: 24/24 MP: 2/2
  1018 | D:2      | Reached XP level 3. HP: 27/29 MP: 3/3
  2146 | D:3      | Reached XP level 4. HP: 32/36 MP: 4/4
  2179 | D:3      | Noticed Ijyb
  2197 | D:3      | Killed Ijyb
  2198 | D:3      | Reached skill level 3 in Axes
  2394 | D:3      | Reached XP level 5. HP: 39/42 MP: 5/5
  2519 | D:3      | Found a faded altar of an unknown god.
  2798 | D:3      | Noticed a +0 short sword
  2798 | D:3      | Noticed a +0 falchion
  2798 | D:3      | Noticed a +0 spear
  2798 | D:3      | Noticed a +0 falchion
  2799 | D:3      | Noticed a +0 dagger
  2800 | D:3      | Noticed a +0 dagger
  2800 | D:3      | Noticed a +0 short sword
  2800 | D:3      | Noticed a +0 spear
  2818 | D:3      | Noticed Grinder
  2833 | D:3      | Killed Grinder
  2834 | D:3      | Reached skill level 5 in Axes
  2834 | D:3      | Reached XP level 6. HP: 30/48 MP: 6/6
  2972 | D:3      | Found a hide-covered altar of Uskayaw.
  3074 | D:3      | Gained mutation: You expend magic power (3 MP) to
                  | strengthen your wands. [potion of mutation]
  3074 | D:3      | Gained mutation: Your flesh is heat resistant. (rF+)
                  | [potion of mutation]
  3299 | D:4      | Reached skill level 1 in Dodging
  3411 | D:4      | Reached XP level 7. HP: 45/54 MP: 7/7
  3814 | D:5      | Entered Level 5 of the Dungeon
  3815 | D:5      | Found a runed translucent gate.
  3816 | D:5      | Found a runed translucent gate.
  3817 | D:5      | Found a runed translucent gate.
  3893 | D:5      | Reached skill level 6 in Axes
  3894 | D:5      | HP: 1/54 [black bear (4)]
  3894 | D:5      | Slain by a black bear

Illustrated notes

Levels and vault maps discovered:
D:1:      minmay_arrival_statue_studded, layout_basic
D:2:      layout_basic, glass_columns_b
D:3:      layout_loops_ring, nicolae_uskayaw_en_pointe,
          ebering_ecumenical_altar_petrified, minmay_strange_pillars, uniq_ijyb,
          uniq_grinder
D:4:      layout_rooms
D:5:      layout_rooms, gammafunk_ghost_icy, nicolae_shop_vocational

Skill      XL: |  1  2  3  4  5  6  7 |
---------------+----------------------+-----
Axes           | 3 5 6 |  6.0
Armour         | 4 |  4.5
Dodging        | 1 |  1.4
Fighting       | 4 |  4.1
Stealth        | |  0.2
Shields        | |  4.9

Action                   |  1- 3 |  4- 6 |  7- 9 || total
-------------------------+-------+-------+-------++-------
Melee: War axe           |    88 |   109 |    52 ||   249
  Use: Potion            |     5 |     2 |     1 ||     8
       Scroll            |     3 |     4 |       ||     7
Armor: Scale mail        |    36 |    41 |    21 ||    98
Dodge: Dodged            |    45 |    70 |    51 ||   166
Block: Buckler           |    22 |    19 |    13 ||    54
